Map: 2000 Atmospheres LE

Players

Serral

  • Race: Zerg Zerg

DPGrogue (Rogue) - Winner!

  • Race: Zerg Zerg

Event: TSL 8

VOD

Have the link to the VOD?

Description

Time

  • Played on: Dec. 12, 2021, 10:46 a.m.
  • Length: 5:35

All games in this series

Show
View Real Time Build Order
Export as new Build Order

Serral Zerg 

Build Orders: Hatch First 

Get SALT Encoding   

  12  0:00  Drone  
  13  0:12  Overlord  
  13  0:17  Drone  
  14  0:30  Drone  
  14  0:31  Drone  
  16  0:47  Hatchery  
  15  0:50  Drone  
  15  0:53  Drone  
  17  0:57  Drone  
  18  1:07  Extractor  
  17  1:12  Spawning Pool  
  17  1:15  Drone  
  18  1:18  Drone  
  18  1:28  Drone  
  19  1:38  Drone  
  20  1:50  Drone  
  21  1:59  Queen x2  
  21  2:00  Zergling x2  
  21  2:01  Overlord  
  26  2:10  Drone x2  
  26  2:11  Metabolic Boost  
  28  2:21  Drone x2  
  30  2:31  Zergling x2  
  30  2:32  Drone  
  30  2:36  Hatchery  
  31  2:42  Drone  
  32  2:44  Baneling Nest  
  32  2:47  Overlord  
  31  2:52  Drone  
  31  2:53  Drone  
  33  3:00  Queen  
  33  3:04  Drone  
  36  3:09  Drone x3  
  36  3:11  Zergling x2  
  40  3:13  Zergling x2  
  40  3:17  Overlord  
  40  3:18  Drone  
  42  3:21  Drone  
  42  3:25  Drone  
  44  3:32  Evolution Chamber  
  44  3:33  Zergling x2  
  44  3:37  Drone  
  44  3:39  Drone x5  
  50  3:45  Baneling x2  
  50  3:46  Zergling x2  
  51  3:53  Zergling x2, Extractor, Roach Warren  
  51  3:55  Overlord  
  49  3:56  Drone  
  49  3:59  Drone x2  
  49  4:02  Drone  
  53  4:05  Baneling  
  53  4:17  Zergling x2  
  53  4:18  Overlord  
  53  4:20  Zergling x6  
  53  4:24  Spine Crawler  
  55  4:31  Baneling x2  
  52  4:33  Roach x4  
  52  4:34  Spine Crawler  
  52  4:37  Roach  
  61  4:42  Roach  
  63  4:47  Roach  
  61  4:53  Roach  
  61  4:57  Roach  
  57  5:02  Roach  
  57  5:05  Zergling x2  
  57  5:06  Zergling x20  
Show
View Real Time Build Order
Export as new Build Order

DPGrogue Zerg - Winner!

Build Orders: Hatch First, Zergling Baneling 

Get SALT Encoding   

  12  0:00  Drone  
  13  0:12  Overlord  
  13  0:17  Drone  
  14  0:31  Drone x2  
  16  0:48  Hatchery  
  15  0:51  Drone  
  15  0:54  Drone  
  17  0:58  Drone  
  18  1:08  Extractor  
  17  1:13  Spawning Pool  
  17  1:16  Drone  
  17  1:19  Drone  
  18  1:28  Drone  
  19  1:48  Drone  
  19  1:50  Drone  
  21  1:59  Queen  
  21  2:00  Zergling x2, Queen  
  26  2:02  Overlord  
  26  2:11  Drone x2  
  26  2:12  Metabolic Boost  
  28  2:22  Drone x2  
  30  2:32  Drone  
  30  2:33  Drone  
  32  2:39  Hatchery  
  32  2:44  Drone x2  
  32  2:50  Baneling Nest  
  32  2:54  Zergling x2  
  32  2:57  Overlord  
  33  3:05  Drone x2  
  35  3:13  Zergling x2, Roach Warren  
  35  3:14  Zergling x2  
  35  3:18  Zergling x6  
  39  3:24  Overlord  
  39  3:30  Overlord  
  39  3:33  Baneling  
  39  3:34  Baneling  
  39  3:38  Evolution Chamber  
  38  3:53  Roach  
  38  3:54  Roach x5  
  52  3:55  Roach  
  52  4:04  Zergling x8  
  55  4:11  Baneling  
  55  4:13  Zergling x4  
  57  4:17  Zergling x2  
  57  4:18  Zergling x6  
  57  4:21  Zergling x2  
  60  4:25  Zergling x2  
  60  4:28  Zergling x2  
  60  4:29  Zergling x4  
  64  4:36  Baneling  
  64  4:37  Baneling x2, Zergling x2  
  64  4:38  Zergling x4  
  66  4:45  Zergling x2  
  66  4:49  Zergling x2  
  66  4:50  Zergling x2  
  63  4:55  Zergling x6  
  63  4:56  Baneling x2  
  63  4:59  Zergling x2  
  65  5:01  Zergling x2  
  65  5:02  Zergling x2  
  63  5:07  Zergling x2  
  63  5:10  Zergling x4  
Tags
 
Add a new tag
Caveats
  • Supply blocks, unpowered buildings, or Contaminate may cause inaccurate times.
  • Supply counts are checked every 10 seconds.